 Dungeon Crawl Stone Soup version 0.21-a0-94-gdd6ab6a (webtiles) character file.

941 Duffy the Conjurer (level 7, -2/36 HPs)
             Began as a Deep Elf Fire Elementalist on July 2, 2017.
             Slain by a crimson imp (3 damage)
             ... on level 3 of the Dungeon.
             The game lasted 00:07:51 (7293 turns).

Duffy the Conjurer (Deep Elf Fire Elementalist)     Turns: 7293, Time: 00:07:52

Health: -2/36      AC:  2    Str:  5    XL:     7   Next: 88%
Magic:  18/18      EV: 13    Int: 22    God:
Gold:   201        SH:  0    Dex: 15    Spells: 5/18 levels left

rFire    + . .     SeeInvis .   E - +0 great sword
rCold    x . .     Gourm    +   (shield currently unavailable)
rNeg     . . .     Faith    .   a - +0 robe
rPois    .         Spirit   .   (no helmet)
rElec    .         Reflect  .   (no cloak)
rCorr    .         Harm     .   (no gloves)
MR       .....                  (no boots)
Stlth    ++........             q - amulet of the gourmand
HPRegen  0.12/turn              k - ring of fire
MPRegen  0.16/turn              r - -4 ring of slaying (curse)

@: no status effects
A: no striking features
a: no special abilities


You were on level 3 of the Dungeon.
You were not hungry.

You visited 1 branch of the dungeon, and saw 5 of its levels.

You collected 201 gold pieces.

Inventory:

Hand Weapons
 E - a +0 great sword (weapon)
Missiles
 y - a throwing net (quivered)
Armour
 a - a +0 robe (worn)
Jewellery
 k - a ring of fire (left hand)
 o - an uncursed ring of positive energy
 q - an amulet of the gourmand (around neck)
 r - a cursed -4 ring of slaying (right hand)
Wands
 C - a wand of confusion (5/48)
Scrolls
 d - a scroll of fear {unknown}
 i - 4 scrolls of identify {unknown}
 j - a scroll of fog {unknown}
 m - a scroll of remove curse {unknown}
 p - a scroll of magic mapping {unknown}
 s - 2 scrolls of teleportation {unknown}
 w - a scroll of enchant armour {unknown}
 B - a scroll of immolation {unknown}
Potions
 e - 4 potions of heal wounds {unknown}
 g - 4 potions of curing {unknown}
 h - a potion of lignification {unknown}
 l - 2 potions of resistance {unknown}
 n - 2 potions of flight {unknown}
 u - a potion of invisibility {unknown}
 x - a potion of agility {unknown}
 z - 2 potions of haste {unknown}
 A - a potion of might {unknown}
 D - 2 potions of brilliance {unknown}
Books
 b - a book of Flames

   Spells                             Type                      Level
   a - Flame Tongue                   Conjuration/Fire             1
   b - Throw Flame                    Conjuration/Fire             2
   c - Conjure Flame                  Conjuration/Fire             3
   d - Inner Flame                    Hexes/Fire                   3
   e - Sticky Flame                   Conjuration/Fire             4
   f - Fireball                       Conjuration/Fire             5
Comestibles
 c - 3 bread rations
 f - 4 meat rations


   Skills:
 - Level 2.4 Dodging
 - Level 2.4 Stealth
 + Level 6.3 Spellcasting
 * Level 6.9 Conjurations
 + Level 6.2 Fire Magic


You had 5 spell levels left.
You knew the following spells:

 Your Spells              Type           Power        Failure   Level  Hunger
a - Flame Tongue          Conj/Fire      #####        1%          1    None
j - Sticky Flame          Conj/Fire      ######..     6%          4    ###....
k - Fireball              Conj/Fire      ######....   16%         5    #####..
l - Conjure Flame         Conj/Fire      ######..     1%          3    #......


Dungeon Overview and Level Annotations

Branches:
Dungeon (5/15)
 Temple: D:4-7

Altars:
Ashenzari
Hepliaklqana
Qazlal
Uskayaw
Wu Jian
Zin


Message History

You barely miss the crimson imp. The crimson imp hits you. x2
You closely miss the crimson imp. The crimson imp closely misses you.
The crimson imp barely misses you.
You riposte.
You miss the crimson imp. You hit the crimson imp.
The crimson imp is moderately wounded.
The crimson imp shouts, "Get thee gone, thou unhinged weather-bitten ratsbane!"
The crimson imp hits you. The crimson imp misses you.
You riposte.
You closely miss the crimson imp.
The crimson imp is moderately wounded.
You closely miss the crimson imp.
The crimson imp is moderately wounded.
The crimson imp hits you.
You barely miss the crimson imp.
The crimson imp is lightly wounded.
The crimson imp hits you but does no damage.
The crimson imp misses you.
You barely miss the crimson imp. The crimson imp hits you.
The crimson imp misses you.
You miss the crimson imp. The crimson imp hits you.
You die...

#...# #.# ######## #...# #.#
###########......###...#### #.#
........(.')...()).)..>...# #.#
########(##...[..###...##.# #.#
######)##......###...##.# #.#
#.......#......##.......# #.#
###.......#......##.......#####.#
..#.......#....5@##..........##.#
..#.......#......##..........##.#
..#.......#......##..........##.#
..#.......#......##.......#####.#
###.......#########.......# #.# #
#.......# #.......# #.# #
#.......# #.......# #.#
###.......# #.......# #.#
.##.......# #######.# #.#


You could see a crimson imp.

Vanquished Creatures
  Sigmund (D:3)
  2 ogres (D:4)
  3 hounds
  An orc wizard (D:4)
  2 bullfrog skeletons
  An orc priest (D:3)
  Natasha (thrice) (D:3)
  Terence (D:1)
  2 worker ants
  A hound skeleton (D:4)
  7 adders
  6 gnolls
  3 worms
  A dart slug (D:3)
  2 leopard geckos (D:1)
  12 orcs
  A ball python (D:3)
  6 bats
  5 giant cockroaches
  4 goblins
  8 hobgoblins
  12 jackals
  11 kobolds
  5 quokkas
  2 frilled lizards
  A jackal skeleton (D:5)
  6 rats
109 creatures vanquished.

Notes
Turn   | Place    | Note
-------+----------+-------------------------------------------
     0 | D:1      | Duffy the Deep Elf Fire Elementalist began the quest for the Orb.
     0 | D:1      | Reached XP level 1. HP: 10/10 MP: 6/6
   128 | D:1      | Found a shattered altar of Ashenzari.
   361 | D:1      | Reached XP level 2. HP: 15/15 MP: 6/8
   907 | D:2      | Found a hide-covered altar of Uskayaw.
   985 | D:2      | Noticed Terence
  1269 | D:2      | Reached XP level 3. HP: 19/19 MP: 6/9
  1274 | D:2      | Learned a level 3 spell: Conjure Flame
  1836 | D:2      | Found a hazy altar of Hepliaklqana.
  1836 | D:2      | Found a glowing silver altar of Zin.
  2042 | D:1      | Killed Terence
  2042 | D:1      | Reached XP level 4. HP: 24/24 MP: 0/11
  2149 | D:2      | Learned a level 4 spell: Sticky Flame
  2384 | D:3      | Noticed Natasha
  2391 | D:3      | Killed Natasha
  2391 | D:3      | Reached XP level 5. HP: 23/28 MP: 8/13
  2800 | D:3      | Learned a level 5 spell: Fireball
  3272 | D:3      | Noticed Sigmund
  3294 | D:3      | HP: 1/28 [Sigmund/enchanted scythe (16)]
  3296 | D:3      | Killed Sigmund
  3296 | D:3      | Reached skill level 5 in Spellcasting
  3296 | D:3      | Reached skill level 5 in Conjurations
  3296 | D:3      | Reached skill level 5 in Fire Magic
  3296 | D:3      | Reached XP level 6. HP: 1/32 MP: 3/15
  3677 | D:3      | Noticed Natasha
  3685 | D:3      | Killed Natasha
  4225 | D:3      | Noticed Natasha
  4229 | D:3      | Killed Natasha
  4340 | D:4      | Reached XP level 7. HP: 20/36 MP: 10/17
  5456 | D:5      | Entered Level 5 of the Dungeon
  5577 | D:5      | Found a stormy altar of Qazlal.
  5821 | D:5      | Found an ornate altar of the Wu Jian Council.
  7292 | D:3      | HP: 1/36 [crimson imp (3)]
  7293 | D:3      | Slain by a crimson imp

Vault maps used:
D:1:      dpeg_arrival_simpleton_a, nicolae_ashenzari_panopticon
D:2:      lemuel_crystal_altar, gammafunk_temple_overflow_elements,
          minmay_goblin_kobold_house, uniq_terence
D:3:      first_bread, uniq_natasha, uniq_sigmund
D:4:      sigmund_army
D:5:      kennysheep_mini, grunt_qazlal_sundering, lemuel_round_altar,
          temple_green, uniq_prince_ribbit1

Skill      XL: |  1  2  3  4  5  6  7 |
---------------+----------------------+-----
Fire Magic     | 4 5 6 |  6.2
Conjurations   | 2 3 5 6 |  6.9
Spellcasting   | 4 5 6 |  6.3
Dodging        | |  2.4
Stealth        | |  2.4

Action                   |  1- 3 |  4- 6 |  7- 9 || total
-------------------------+-------+-------+-------++-------
Melee: Great sword       |       |       |   183 ||   183
 Cast: Flame Tongue      |    72 |    92 |    71 ||   235
       Conjure Flame     |     1 |     4 |     7 ||    12
       Sticky Flame      |       |     5 |     3 ||     8
Evoke: Wand              |       |       |     6 ||     6
 Stab: Confused          |       |       |     1 ||     1
  Eat: Chunk             |     3 |     7 |     8 ||    18
       Bread ration      |       |       |     1 ||     1
       Royal jelly       |       |       |     1 ||     1
Armor: Robe              |     1 |     8 |    43 ||    52
Dodge: Dodged            |    17 |    22 |   164 ||   203
       Rpst.: Great sword |       |       |    48 ||    48
